 Dungeon Crawl Stone Soup version 0.23-a0-550-g7de1f8e (webtiles) character file.

7340 DancingWithDeath the Covert (level 10, -3/56 HPs)
             Began as a Deep Elf Enchanter on Dec 8, 2018.
             Was a Follower of Uskayaw.
             Slain by a wight
             ... wielding a +2 halberd
              (4 damage)
             ... on level 10 of the Dungeon.
             The game lasted 00:27:22 (15908 turns).

DancingWithDeath the Covert (Deep Elf Enchanter)   Turns: 15908, Time: 00:27:23

Health: -3/56      AC:  4    Str:  5    XL:     10   Next: 91%
Magic:  22/24      EV: 12    Int: 21    God:    Uskayaw [*.....]
Gold:   358        SH:  0    Dex: 18    Spells: 9/25 levels left

rFire    . . .     SeeInvis .   a - +1 dagger (venom)
rCold    . . .     Gourm    +   (no shield)
rNeg     . . .     Faith    .   b - +0 robe
rPois    +         Spirit   .   (no helmet)
rElec    .         Reflect  .   w - +1 cloak (curse)
rCorr    .         Harm     .   (no gloves)
MR       ++...                  (no boots)
Stlth    +++++.....             j - amulet of the gourmand
HPRegen  0.18/turn              e - ring of protection from magic
MPRegen  0.19/turn              p - ring of poison resistance

@: drained
A: no striking features
a: Stomp, Renounce Religion


You were on level 10 of the Dungeon.
You worshipped Uskayaw.
Uskayaw was noncommittal.
You were completely stuffed.

You visited 1 branch of the dungeon, and saw 12 of its levels.
You also visited: Ossuary.

You collected 620 gold pieces.
You spent 262 gold pieces at shops.

Inventory:

Hand Weapons
 a - a +1 dagger of venom (weapon)
 x - a +2 dagger of protection
 y - a +1 short sword of draining
Armour
 b - a +0 robe (worn)
 w - a cursed +1 cloak (worn)
Jewellery
 e - a ring of protection from magic (left hand)
 i - an uncursed ring of ice
 j - an amulet of the gourmand (around neck)
 p - a ring of poison resistance (right hand)
 A - an uncursed ring of protection from fire
Wands
 n - a wand of iceblast (18)
 r - a wand of digging (1)
 E - a wand of enslavement (5)
Scrolls
 d - a scroll of enchant armour
 h - 5 scrolls of immolation {!r}
 l - 5 scrolls of magic mapping
 m - 9 scrolls of teleportation
 s - 4 scrolls of blinking
 t - 12 scrolls of remove curse
 v - 4 scrolls of amnesia
 C - 2 scrolls of fog
Potions
 f - 3 potions of invisibility
 g - 2 potions of flight
 k - a potion of might
 o - a potion of magic
 q - a potion of curing {unknown}
 u - a potion of haste
 z - a potion of mutation {!q!q}
 B - 2 potions of heal wounds
 D - 2 potions of ambrosia
Comestibles
 c - 21 rations
 F - 4 chunks of flesh


   Skills:
 + Level 3.9(3.1) Fighting
 - Level 6.5(5.6) Short Blades
 - Level 2.4(1.6) Dodging
 * Level 13.8(12.7) Stealth
 - Level 8.0(7.1) Spellcasting
 - Level 6.3(5.5) Hexes
 + Level 4.2(3.4) Necromancy
 + Level 7.0(6.1) Invocations


You had 9 spell levels left.
You knew the following spells:

 Your Spells              Type           Power        Failure   Level  Hunger
a - Ensorcelled Hibernat  Hex/Ice        ###...       4%          2    None
b - Confuse               Hex            ####....     2%          3    #......
d - Tukima's Dance        Hex            ####....     2%          3    #......
e - Dazzling Spray        Conj/Hex       ###...       9%          3    #......
q - Animate Dead          Necr           N/A          21%         4    ###....
P - Corona                Hex            ####...      1%          1    None

Your spell library contained the following spells:

 Spells                   Type           Power        Failure   Level  Hunger
 Animate Skeleton         Necr           N/A          1%          1    None
 Confusing Touch          Hex            ####..       1%          1    None
 Pain                     Necr           ###.         1%          1    None
 Vampiric Draining        Necr           ###.......   6%          3    #......
 Apportation              Tloc           #.....       9%          1    None
 Summon Small Mammal      Summ           #...         9%          1    None
 Regeneration             Chrm/Necr      ##........   13%         3    #......
 Gell's Gravitas          Tloc           #.........   26%         3    #......
 Metabolic Englaciation   Hex/Ice        ###.......   61%         5    #####..
 Yara's Violent Unravell  Hex/Tmut       ###.......   61%         5    #####..
 Petrify                  Tmut/Erth      #.......     65%         4    ###....


Dungeon Overview and Level Annotations

Branches:
Dungeon (12/15)            Temple (0/1) D:6            Lair (0/6) D:10
    Orc (0/2) D:11

Altars:
Ashenzari
Dithmenos
Elyvilon
Fedhas
Gozag
Hepliaklqana
Trog
Uskayaw
Wu Jian
The Shining One

Shops:
D:5 ?   D:7 =

Annotations:
D:5 1 runed door


Message History

Confirm with . or Enter, or press ? or * to list all spells.
Okay, then.
You see here 7 sling bullets.
A scorpion comes into view.
The wight closely misses you. The scorpion closely misses you.
You closely miss the scorpion. The scorpion closely misses you.
Casting: Ensorcelled Hibernation (safe; 3% risk of failure)
Confirm with . or Enter, or press ? or * to list all spells.
Aiming: Ensorcelled Hibernation (safe; 3% risk of failure)
Press: ? - help, Shift-Dir - straight line, f - scorpion
Aim: a scorpion (chance to defeat MR: 50%)
The scorpion looks drowsy...
The wight hits you with a cursed +2 war axe!
You feel drained.
* * * LOW HITPOINT WARNING * * *
The wight hits you from afar with a +2 halberd!
* * * LOW HITPOINT WARNING * * *
You feel drained.
You die...

. #........... ##########
#(.......... ..........
######........... ...........
.................. ............
.................. ..######## #.
########z.........
..##########.. #..........
...............########.........
...............s@zzz............
####.#################..........
#.# #.#########
####.#################.########
...............................
##.............................
##..########..########.........
...............................
...............................


You could see a scorpion (sleeping) and 3 wights.

Vanquished Creatures
  A two-headed ogre (D:11)
  A troll (D:10)
  4 hogs (D:7)
  A hungry ghost (D:10)
  A human (D:7)
  2 sky beasts
  6 orc warriors
  4 phantoms
  A black bear (D:6)
  A hornet zombie (D:7)
  3 ice beasts
  7 centaurs
  3 ogres
  2 wolves (D:8)
  A crocodile (D:8)
  A big kobold (D:9)
  A bullfrog (D:7)
  3 scorpions
  4 killer bees (D:10)
  5 wights
  5 howler monkeys
  A centaur zombie (D:8)
  A crimson imp (D:8)
  2 jellies
  4 orc priests
  10 orc wizards
  2 hounds
  2 bullfrog skeletons
  4 iguanas
  7 worker ants
  A big kobold zombie (Ossuary)
  A hound skeleton (D:8)
  3 mummies (Ossuary)
  12 adders
  6 gnolls
  8 river rats (D:6)
  4 shadow imps
  An ooze (D:1)
  An adder zombie (D:5)
  An adder skeleton (D:7)
  7 worms
  3 dart slugs
  6 leopard geckos
  41 orcs
  2 ball pythons (D:3)
  11 bats
  8 giant cockroaches
  2 gnoll zombies (Ossuary)
  6 goblins
  3 hobgoblins
  9 jackals
  11 quokkas
  7 frilled lizards
  4 goblin zombies (Ossuary)
  6 hobgoblin zombies (Ossuary)
  15 kobolds
  A leopard gecko skeleton (D:6)
  A leopard gecko zombie (D:7)
  An orc zombie (Ossuary)
  2 quokka zombies (Ossuary)
  24 rats
  2 rat zombies (Ossuary)
300 creatures vanquished.

Vanquished Creatures (collateral kills)
  A two-headed ogre (D:8)
  Grum (D:8)
  2 ogres
  2 wights (D:8)
6 creatures vanquished.

Vanquished Creatures (others)
  A dancing weapon (D:11)
1 creature vanquished.

Grand Total: 307 creatures vanquished

Notes
Turn   | Place    | Note
-------+----------+-------------------------------------------
     0 | D:1      | DancingWithDeath the Deep Elf Enchanter began the quest for
                  | the Orb.
     0 | D:1      | Reached XP level 1. HP: 10/10 MP: 6/6
   667 | D:1      | Reached skill level 4 in Stealth
   683 | D:1      | Reached XP level 2. HP: 15/15 MP: 8/8
   780 | D:1      | Learned a level 2 spell: Ensorcelled Hibernation
  1643 | D:2      | Reached XP level 3. HP: 19/19 MP: 9/9
  2417 | D:1      | Learned a level 3 spell: Confuse
  2566 | D:2      | Found a white marble altar of Elyvilon.
  2860 | D:2      | Reached XP level 4. HP: 22/24 MP: 11/11
  2932 | D:2      | Noticed a phantom
  2970 | D:2      | Killed a phantom
  2970 | D:2      | Reached skill level 5 in Stealth
  2970 | D:2      | Reached skill level 5 in Hexes
  2970 | D:2      | Reached XP level 5. HP: 28/28 MP: 6/13
  3026 | D:2      | Learned a level 3 spell: Tukima's Dance
  3563 | D:3      | Found a shadowy altar of Dithmenos.
  3803 | D:3      | Reached skill level 6 in Stealth
  4259 | D:3      | Reached XP level 6. HP: 32/32 MP: 13/15
  4738 | D:4      | Found a bloodstained altar of Trog.
  4739 | D:4      | Found a glowing golden altar of the Shining One.
  4786 | D:4      | Noticed an orc warrior
  4866 | D:4      | Reached skill level 5 in Spellcasting
  4938 | D:4      | Killed an orc warrior
  4938 | D:4      | Reached skill level 7 in Stealth
  4948 | D:4      | Reached XP level 7. HP: 19/36 MP: 13/16
  5093 | D:4      | Learned a level 3 spell: Dazzling Spray
  5295 | D:4      | Found a hide-covered altar of Uskayaw.
  5301 | D:4      | Noticed a +0 hand axe
  5301 | D:4      | Noticed a +0 dagger
  5314 | D:4      | Became a worshipper of Uskayaw the Reveler
  5318 | D:4      | Reached * piety under Uskayaw
  5566 | D:3      | Reached ** piety under Uskayaw
  5660 | D:5      | Entered Level 5 of the Dungeon
  5696 | D:5      | Reached skill level 8 in Stealth
  5859 | D:5      | Found a runed door.
  5859 | D:5      | Noticed an angel
  5860 | D:5      | Found a white marble altar of Elyvilon.
  6079 | D:5      | Found Upurow's Magic Scroll Emporium.
  6095 | D:5      | Reached skill level 1 in Invocations
  6163 | D:5      | Reached XP level 8. HP: 31/41 MP: 13/19
  6235 | D:5      | Bought a scroll of teleportation for 45 gold pieces
  6235 | D:5      | Bought a scroll of teleportation for 45 gold pieces
  6235 | D:5      | Bought 2 scrolls of identify for 60 gold pieces
  6235 | D:5      | Bought a scroll of enchant armour for 112 gold pieces
  7007 | D:6      | Reached skill level 9 in Stealth
  7884 | D:6      | Found a staircase to the Ecumenical Temple.
  8024 | D:6      | Found a blossoming altar of Fedhas.
  8506 | D:6      | Reached skill level 5 in Short Blades
  8506 | D:6      | Reached skill level 10 in Stealth
  9282 | D:6      | Reached XP level 9. HP: 25/45 MP: 15/22
  9864 | D:7      | Reached *** piety under Uskayaw
 10474 | D:7      | Found Vuasm's Jewellery Shop.
 10501 | D:7      | Reached skill level 11 in Stealth
 11007 | D:7      | Reached skill level 1 in Fighting
 11318 | D:7      | Reached skill level 5 in Invocations
 11648 | D:8      | Found a shattered altar of Ashenzari.
 11677 | D:8      | Reached skill level 12 in Stealth
 11761 | D:8      | Noticed a two-headed ogre
 11781 | D:8      | Found a sand-covered staircase.
 11804 | Ossuary  | Entered an ossuary
 12399 | D:8      | Noticed Grum
 12409 | D:8      | Reached XP level 10. HP: 45/53 MP: 19/24
 12931 | D:8      | Found an opulent altar of Gozag.
 12985 | D:8      | Learned a level 4 spell: Animate Dead
 12986 | D:8      | Found a hazy altar of Hepliaklqana.
 12990 | D:8      | Found an ornate altar of the Wu Jian Council.
 13025 | D:8      | Killed a two-headed ogre
 13025 | D:8      | Reached skill level 1 in Necromancy
 13509 | D:8      | Killed Grum
 14069 | D:9      | Reached skill level 13 in Stealth
 14798 | D:9      | You fall through a shaft for 3 floors!
 14800 | D:12     | Noticed a manticore
 14841 | D:11     | Noticed a two-headed ogre
 14869 | D:11     | Killed a two-headed ogre
 15062 | D:10     | Entered Level 10 of the Dungeon
 15134 | D:10     | Found a staircase to the Lair.
 15715 | D:10     | You fall through a shaft!
 15715 | D:11     | Found a staircase to the Orcish Mines.
 15908 | D:10     | HP: 1/56 [wight/+2 halberd (15)]
 15908 | D:10     | Slain by a wight

Vault maps used:
D:1:      dpeg_arrival_connections, minmay_tiny_reverse_x
D:2:      serial_rivers, chequers_serial_rivers_micro_c,
          chequers_serial_rivers_small_3, chequers_serial_rivers_marsh,
          chequers_serial_rivers_micro_c, chequers_serial_rivers_large_a,
          chequers_serial_rivers_micro_d, elyvilon_altar_5
D:3:      overflow_temple_1_default
D:4:      dancing_weapons_uskayaw, gammafunk_temple_overflow_statue
D:5:      wad_crossroads, serial_shops, nicolae_shop_statue_plus, first_ration,
          lemuel_angel_altar
D:6:      lemuel_ratsnest, fedhas_ov_isle_minmay, temple_pool_b
D:7:      serial_shops, nicolae_shop_trees, grunt_livestock
D:8:      old_standard_altar, minmay_overflow_temple_star_quad, enter_ossuary_1,
          uniq_grum
D:10:     dpeg_oklobed_lair, grunt_ashenzari_visionary
D:11:     orc_0_dummy
Ossuary:  ossuary_minmay_chase

Skill      XL: |  1  2  3  4  5  6  7  8  9 10 |
---------------+-------------------------------+-----
Stealth        | 4 5 6 7 8 10 12 13 | 13.8
Short Blades   | 2 3 4 5 6 |  6.5
Spellcasting   | 4 5 6 7 8 |  8.0
Hexes          | 5 6 |  6.3
Invocations    | 1 3 5 7 |  7.0
Fighting       | 2 3 |  3.9
Necromancy     | 4 |  4.2
Dodging        | |  2.4

Action                   |  1- 3 |  4- 6 |  7- 9 | 10-12 || total
-------------------------+-------+-------+-------+-------++-------
Melee: Dagger            |   178 |   116 |   525 |   182 ||  1001
 Cast: Corona            |     2 |       |       |       ||     2
       Ensorcelled Hiber |    20 |    30 |    85 |    26 ||   161
       Confuse           |       |     3 |     8 |    13 ||    24
       Tukima's Dance    |       |     2 |     5 |    12 ||    19
       Dazzling Spray    |       |       |     2 |     4 ||     6
Evoke: Wand              |       |       |     1 |       ||     1
  Use: Scroll            |       |    10 |    12 |     2 ||    24
       Potion            |       |       |     1 |       ||     1
 Stab: Sleeping          |    19 |    21 |    68 |    33 ||   141
       Confused          |       |     4 |     7 |     7 ||    18
       Distracted        |       |       |     7 |       ||     7
       Paralysed         |       |       |     2 |     1 ||     3
       Invisible         |       |       |       |     1 ||     1
  Eat: Chunk             |     7 |     7 |    31 |    12 ||    57
       Ration            |       |       |     1 |       ||     1
Armor: Robe              |    61 |    21 |   109 |    17 ||   208
Dodge: Dodged            |   181 |    71 |   273 |   100 ||   625

Table legend:
 A = Non-vault XP
 B = Vault XP
 C = Vault XP percentage of total XP
 D = Non-vault monster count
 E = Vault monster count
 F = Vault count percentage of total count
                 A         B        C        D         E       F
            +---------+---------+-------+---------+---------+-------
      Total |    8409 |    2077 |  19.8 |     237 |      68 |  22.3
            +---------+---------+-------+---------+---------+-------
        D:1 |      41 |       3 |   6.8 |      23 |       2 |   8.0
        D:2 |     193 |       0 |   0.0 |      26 |       0 |   0.0
        D:3 |     226 |       0 |   0.0 |      28 |       0 |   0.0
        D:4 |     575 |       0 |   0.0 |      18 |       0 |   0.0
        D:5 |     432 |     253 |  36.9 |      22 |       4 |  15.4
        D:6 |     909 |     440 |  32.6 |      17 |      34 |  66.7
        D:7 |     962 |     948 |  49.6 |      22 |       5 |  18.5
        D:8 |    2142 |     336 |  13.6 |      45 |       3 |   6.2
        D:9 |     817 |       0 |   0.0 |      21 |       0 |   0.0
       D:10 |    1035 |       0 |   0.0 |      10 |       0 |   0.0
       D:11 |    1077 |       0 |   0.0 |       5 |       0 |   0.0
    Ossuary |       0 |      97 | 100.0 |       0 |      20 | 100.0
            +---------+---------+-------+---------+---------+-------
